 Dungeon Sprint DCSS version 0.27.1-4-g1640c2035a (webtiles) character file.

Game seed: 6083830849985072952

1892 boopmooplesden the Basher (level 8, -2/80 HPs)
             Began as a Minotaur Fighter on Nov 11, 2021.
             Was an Elder of Okawaru.
             Slain by a red devil (18 damage)
             ... in the Dungeon (Sprint VII: "The Pits").
             The game lasted 00:03:15 (906 turns).

boopmooplesden the Basher (Minotaur Fighter)         Turns: 906, Time: 00:03:16

Health: -2/80      AC: 19    Str: 25    XL:     8   Next: 93%
Magic:  6/8        EV: 11    Int:  5    God:    Okawaru [****..]
Gold:   0          SH:  0    Dex: 14    Spells: 7/7 levels left

rFire    . . .     SeeInvis .   u - +2 dire flail (vorpal)
rCold    . . .     Faith    .   (shield currently unavailable)
rNeg     . . .     Spirit   .   e - +2 plate armour
rPois    .         Reflect  .   (helmet restricted)
rElec    .         Harm     .   (no cloak)
rCorr    .         Rampage  .   (no gloves)
Will     .....     NoTele   +   (no boots)
Stlth    ..........             (no amulet)
HPRegen  0.23/turn              d - +3 ring of strength
MPRegen  0.11/turn              q - +3 ring of dexterity

@: heroic, slowed, very slow
A: horns 2, retaliatory headbutt
a: Renounce Religion, Heroism


You were in the Dungeon.
You worshipped Okawaru.
Okawaru was greatly pleased with you.
You visited 1 branch

Inventory:

Hand Weapons
 a - a +0 flail
 k - a +2 mace
 o - a +1 vorpal flail
 u - a +2 vorpal dire flail (weapon)
Armour
 b - a +0 scale mail
 c - a +0 kite shield
 e - a +2 plate armour (worn)
Jewellery
 d - a +3 ring of strength (left hand)
 q - a +3 ring of dexterity (right hand)
Scrolls
 j - a scroll of blinking
 m - 5 scrolls of amnesia
 n - a scroll of summoning
Potions
 f - 10 potions of heal wounds
 g - a potion of haste
 h - 4 potions of magic
 i - 5 potions of berserk rage
 l - 2 potions of invisibility
 p - 5 potions of curing
 r - a potion of might
 s - a potion of brilliance
 t - a potion of mutation


   Skills:
 + Level 10.4(15.4) Fighting
 + Level 13.4(18.4) Maces & Flails
 + Level 11.8(16.8) Armour
 + Level 4.2(9.2) Dodging
 + Level 0.8(5.8) Stealth
 + Level 11.7(16.7) Shields
 + Level 2.0 Invocations


You had 7 spell levels left.
You didn't know any spells.
Your spell library was empty.

Dungeon Overview and Level Annotations

Branches:
Dungeon (1/1)

Altars:
Ashenzari
Cheibriados
Dithmenos
Elyvilon
Fedhas
Gozag
Hepliaklqana
Kikubaaqudgha
Makhleb
Nemelex Xobeh
Okawaru
Qazlal
Ru
Sif Muna
Trog
Uskayaw
Vehumet
Wu Jian
Xom
Yredelemnul
Zin
The Shining One
Beogh
Jiyva
Lugonu


Innate Abilities, Weirdness & Mutations

You have a pair of horns on your head.
You reflexively headbutt those who attack you in melee.


Message History

You impale the cane toad!! You headbutt the cane toad!
The cane toad is almost dead.
You feel sick. Something hits you. Something drains your vigour!
You feel yourself slow down.
The cane toad stings you but does no damage.
You hit the cane toad.
The cane toad is almost dead.
You feel very sick.
The red devil hits you but does no damage.
The cane toad stings you!
You are more poisoned.
The cane toad poisons you! Something hits you! Something drains your vigour!
You feel as though you will be slow longer.
You hit the cane toad.
You kill the cane toad!
Okawaru is honoured by your kill.
You feel very sick.
The red devil hits you but does no damage.
Something hits you but does no damage. The red devil closely misses you.
Your Maces & Flails skill increases to level 13!
Your Invocations skill increases to level 2!
You feel better. Something hits you!
* * * LOW HITPOINT WARNING * * *
The red devil closely misses you. Something hits you but does no damage.
You feel much better.
The red devil hits you from afar with a +0 trident!
Something hits you but does no damage.
The red devil hits you from afar with a +0 trident!
You gain the combat prowess of a mighty hero.
Something hits you but does no damage. The red devil closely misses you.
Something hits you but does no damage.
You barely miss something.
The red devil hits you but does no damage.
Something hits you!
* * * LOW HITPOINT WARNING * * *
Something drains your vigour!
You feel as though you will be slow longer.
You hit something. You headbutt something.
The red devil hits you from afar with a +0 trident!!
You die...

#####......#..#......#
#..##................#
#.)#####'#####''#####
#))##.......##''### ###
#))##.......##....##..+
#[.##.......##...##...#
#'###...<...##..##...#
...##.......##..#...#
...##.......##..@†.#
#####.......##.##..#
#..############# 4.+
#.########### ..#
#.#....#..[[# ..#
#)#....#..[[# #..
#.)....'..).# #..
#'#....#..))# ..
'.#....#..))#


You could see a red devil.

Vanquished Creatures
  A phantasmal warrior (D)
  A cane toad (D)
  A gargoyle (D)
  A hellwing (D)
  A floating eye (D)
  2 scorpions (D)
  3 wights (D)
  A jelly (D)
  2 orc priests (D)
  An iron imp (D)
  A gnoll shaman (D)
  Terence (D)
  A mummy (D)
  4 gnolls (D)
  2 adders (D)
  3 orcs (D)
  A bat zombie (D)
  2 goblins (D)
  4 jackals (D)
  A ball python (D)
  A ball python zombie (D)
  3 frilled lizards (D)
  A kobold (D)
  A quokka skeleton (D)
40 creatures vanquished.

Notes
Turn   | Place    | Note
-------+----------+-------------------------------------------
     0 | D        | boopmooplesden the Minotaur Fighter began the quest for the
                  | Orb.
     0 | D        | Reached XP level 1. HP: 19/19 MP: 0/0
    17 | D        | Reached XP level 2. HP: 15/28 MP: 1/1
    21 | D        | Found a bloodstained altar of Trog.
    21 | D        | Found a shimmering blue altar of Sif Muna.
    21 | D        | Found a viscous altar of Jiyva.
    21 | D        | Found a hazy altar of Hepliaklqana.
    21 | D        | Found an opulent altar of Gozag.
    22 | D        | Found a glowing golden altar of the Shining One.
    22 | D        | Found a glowing silver altar of Zin.
    22 | D        | Found a basalt altar of Yredelemnul.
    22 | D        | Found a shimmering altar of Xom.
    22 | D        | Found an ornate altar of the Wu Jian Council.
    22 | D        | Found a sacrificial altar of Ru.
    22 | D        | Found a stormy altar of Qazlal.
    22 | D        | Found an iron altar of Okawaru.
    22 | D        | Found a sparkling altar of Nemelex Xobeh.
    22 | D        | Found a burning altar of Makhleb.
    22 | D        | Found a blossoming altar of Fedhas.
    22 | D        | Found a white marble altar of Elyvilon.
    22 | D        | Found a shadowy altar of Dithmenos.
    22 | D        | Found a snail-covered altar of Cheibriados.
    23 | D        | Found a radiant altar of Vehumet.
    23 | D        | Found a corrupted altar of Lugonu.
    24 | D        | Found a hide-covered altar of Uskayaw.
    24 | D        | Found an ancient bone altar of Kikubaaqudgha.
    24 | D        | Found a broken altar of Ashenzari.
    28 | D        | Became a worshipper of Warmaster Okawaru
    61 | D        | Noticed a floating eye
    64 | D        | Paralysed by a floating eye for 4 turns
    74 | D        | Paralysed by a floating eye for 3 turns
    81 | D        | Reached skill level 3 in Maces & Flails
    81 | D        | Reached skill level 5 in Armour
    81 | D        | Killed a floating eye
    81 | D        | Reached * piety under Okawaru
    82 | D        | Reached skill level 4 in Maces & Flails
    82 | D        | Reached skill level 1 in Dodging
    82 | D        | Reached XP level 3. HP: 11/38 MP: 2/2
    82 | D        | Reached XP level 4. HP: 13/45 MP: 3/3
   308 | D        | Noticed a scorpion
   324 | D        | Killed a scorpion
   324 | D        | Reached ** piety under Okawaru
   325 | D        | Reached skill level 5 in Maces & Flails
   325 | D        | Reached XP level 5. HP: 48/53 MP: 4/4
   401 | D        | Reached skill level 6 in Maces & Flails
   407 | D        | Reached XP level 6. HP: 44/61 MP: 3/5
   419 | D        | Reached skill level 7 in Maces & Flails
   426 | D        | Reached skill level 8 in Maces & Flails
   439 | D        | Reached skill level 9 in Maces & Flails
   543 | D        | Reached XP level 7. HP: 69/69 MP: 6/6
   555 | D        | Reached skill level 10 in Armour
   567 | D        | Noticed Terence
   567 | D        | Noticed a hellwing
   567 | D        | Noticed a gargoyle
   602 | D        | Killed a hellwing
   602 | D        | Reached *** piety under Okawaru
   603 | D        | Reached skill level 10 in Maces & Flails
   603 | D        | Reached skill level 10 in Shields
   604 | D        | Killed Terence
   608 | D        | Killed a gargoyle
   608 | D        | Reached **** piety under Okawaru
   609 | D        | Reached skill level 11 in Maces & Flails
   609 | D        | Reached skill level 1 in Invocations
   609 | D        | Reached XP level 8. HP: 52/79 MP: 5/7
   717 | D        | Noticed a phantasmal warrior
   731 | D        | Killed a phantasmal warrior
   732 | D        | Reached skill level 10 in Fighting
   732 | D        | Reached skill level 12 in Maces & Flails
   895 | D        | Noticed a cane toad
   898 | D        | Noticed a red devil
   901 | D        | Killed a cane toad
   902 | D        | Reached skill level 13 in Maces & Flails
   906 | D        | Slain by a red devil

Illustrated notes

Levels and vault maps discovered:
D:        pitsprint [storerooms_1, entrance_room_1, metal_vault_7, armoury_3,
          mini_pit_1, grid_room_1, main_hall_1, silver_pit, the_coven_1,
          the_vestibule_1, steel_vault_2, golden_pit, hallway_of_sentries,
          crystal_vault_4, iron_vault_4, final_vault]

Skill      XL: |  1  2  3  4  5  6  7  8 |
---------------+-------------------------+-----
Fighting       | 4 6 7 8 9 10 | 10.4
Armour         | 4 7 8 9 11 | 11.8
Shields        | 4 6 7 8 9 10 11 | 11.7
Maces & Flails | 4 5 6 9 11 13 | 13.4
Dodging        | 1 2 3 4 |  4.2
Invocations    | 1 2 |  2.0
Stealth        | |  0.8

Action                   |  1- 3 |  4- 6 |  7- 9 || total
-------------------------+-------+-------+-------++-------
Melee: Flail             |    19 |    64 |    43 ||   126
       Headbutt          |     5 |     8 |    15 ||    28
       Dire flail        |       |       |    15 ||    15
Invok: Heroism           |       |     1 |     4 ||     5
  Use: Potion            |     1 |       |     4 ||     5
Armor: Scale mail        |    17 |     9 |       ||    26
       Plate armour      |       |    10 |    25 ||    35
Dodge: Dodged            |     6 |    18 |    17 ||    41
Block: Kite shield       |     7 |    33 |    31 ||    71
